PBL
TORONTO BLUE JAYS @ PHILADELPHIA PHILLIES
04/25/2071
 
TOP OF THE 1ST
Toronto Blue Jays batting - Pitching for Philadelphia Phillies : RHP Pedro Tobías
Pitching: RHP Pedro Tobías
Batting: LHB Mike González 0-0: Called Strike
0-1: Called Strike
0-2: Ball
1-2: Ground out 4-3 (Groundball, 4, EV 79.4 MPH)
Batting: RHB Jesús González 0-0: Called Strike
0-1: Ground out U3 (Groundball, 34, EV 102.5 MPH)
Batting: LHB John Alcorn 0-0: Ball
1-0: Fly out, F2 (Popup, 23F, EV 73.1 MPH)
Top of the 1st over - 0 runs, 0 hits, 0 errors, 0 left on base; Toronto 0 - Philadelphia 0
BOTTOM OF THE 1ST
Philadelphia Phillies batting - Pitching for Toronto Blue Jays : LHP Halewijn Cleaver
Pitching: LHP Halewijn Cleaver
Batting: RHB Joe Bayer 0-0: Ground out 6-3 (Groundball, 6, EV 100.0 MPH)
Batting: RHB David Paige 0-0: Ball
1-0: Ball
2-0: Ground out U3 (Groundball, 34, EV 77.5 MPH)
Batting: RHB Armando Gracía 0-0: Ball
1-0: Foul Ball, location: 2F
1-1: Swinging Strike
1-2: Foul Ball, location: 9LSF
1-2: Foul Ball, location: 23FF
1-2: Foul Ball, location: 9LDF
1-2: Strikes out swinging wild pitch, reaches first!
Batting: RHB Bill McBryde 0-0: Ball
1-0: Ball
2-0: Called Strike
2-1: Foul Ball, location: 2F
2-2: Ball
3-2: Foul Ball, location: 9LDF
3-2: Base on Balls
Armando Gracía to second
Batting: RHB Ezra Schneider 0-0: Ball
1-0: Fly out, F8 (Flyball, 8RM, EV 78.8 MPH)
Bottom of the 1st over - 0 runs, 0 hits, 0 errors, 2 left on base; Toronto 0 - Philadelphia 0
TOP OF THE 2ND
Toronto Blue Jays batting - Pitching for Philadelphia Phillies : RHP Pedro Tobías
Batting: LHB Mels Isabekian 0-0: Foul Ball, location: 2F
0-1: Ball
1-1: Swinging Strike
1-2: Foul Ball, location: 5FF
1-2: Foul Ball, location: 2F
1-2: Ball
2-2: Foul Ball, location: 2F
2-2: SINGLE (Line Drive, 6D, EV 105.6 MPH)
Batting: LHB Stan Encell 0-0: Ball
1-0: Foul Ball, location: 5F
1-1: Ball
2-1: Foul Ball, location: 9LMF
2-2: Strikes out swinging
Batting: LHB Roberto Snyder 0-0: Called Strike
0-1: Called Strike
0-2: Strikes out swinging
Batting: RHB José Ríos 0-0: Called Strike
0-1: Ground out 1-3 (Groundball, 13S, EV 63.1 MPH)
Top of the 2nd over - 0 runs, 1 hit, 0 errors, 1 left on base; Toronto 0 - Philadelphia 0
BOTTOM OF THE 2ND
Philadelphia Phillies batting - Pitching for Toronto Blue Jays : LHP Halewijn Cleaver
Batting: RHB Jesús Martínez 0-0: Called Strike
0-1: Ball
1-1: Ball
2-1: Fly out, F4 (Popup, 34, EV 58.1 MPH)
Batting: RHB Anthony Mills 0-0: Called Strike
0-1: Foul Ball, location: 9LMF
0-2: Strikes out swinging
Batting: RHB Kei Goto 0-0: Ball
1-0: Ball
2-0: Foul Ball, location: 9LSF
2-1: Foul Ball, location: 9LDF
2-2: Ball
3-2: Fly out, F4 (Popup, 4M, EV 73.8 MPH)
Bottom of the 2nd over - 0 runs, 0 hits, 0 errors, 0 left on base; Toronto 0 - Philadelphia 0
TOP OF THE 3RD
Toronto Blue Jays batting - Pitching for Philadelphia Phillies : RHP Pedro Tobías
Batting: LHB Mike Whitney 0-0: Foul Ball, location: 3DF
0-1: Ground out 6-3 (Groundball, 6MS, EV 85.6 MPH)
Batting: RHB Sam Hernández 0-0: Ball
1-0: Foul Ball, location: 2F
1-1: Foul Ball, location: 2F
1-2: DOUBLE (Line Drive, 3D, EV 98.8 MPH)
Batting: LHB Mike González 0-0: Foul Ball, location: 2F
0-1: Ground out 4-3 (Groundball, 4, EV 99.4 MPH)
Sam Hernández to third
Batting: RHB Jesús González 0-0: Swinging Strike
0-1: Swinging Strike
0-2: Ball
1-2: SINGLE (Groundball, 4MD, EV 99.4 MPH)
Sam Hernández scores
Batting: LHB John Alcorn 0-0: Ball
Jesús González steals 2nd base
1-0: Ball
2-0: Called Strike
2-1: Fly out, F9 (Flyball, 9, EV 101.9 MPH)
Top of the 3rd over - 1 run, 2 hits, 0 errors, 1 left on base; Toronto 1 - Philadelphia 0
BOTTOM OF THE 3RD
Philadelphia Phillies batting - Pitching for Toronto Blue Jays : LHP Halewijn Cleaver
Batting: RHB Vincente López 0-0: Ground out 2-3 (Groundball, 2L, EV 71.3 MPH)
Batting: RHB Joe Bayer 0-0: Ball
1-0: Ball
2-0: Called Strike
2-1: Foul Ball, location: 9LDF
2-2: Fly out, F5 (Popup, 5F, EV 64.4 MPH)
Batting: RHB David Paige 0-0: Called Strike
0-1: Ground out 5-3 (Groundball, 56, EV 89.4 MPH)
Bottom of the 3rd over - 0 runs, 0 hits, 0 errors, 0 left on base; Toronto 1 - Philadelphia 0
TOP OF THE 4TH
Toronto Blue Jays batting - Pitching for Philadelphia Phillies : RHP Pedro Tobías
Batting: LHB Mels Isabekian 0-0: Ball
1-0: Ball
2-0: Ball
3-0: Ground out 4-3 (Groundball, 4, EV 81.3 MPH)
Batting: LHB Stan Encell 0-0: Ball
1-0: Foul Ball, location: 2F
1-1: Called Strike
1-2: Ground out U3 (Groundball, 34, EV 90.0 MPH)
Batting: LHB Roberto Snyder 0-0: Swinging Strike
0-1: Foul Ball, location: 3FF
0-2: Foul Ball, location: 7LMF
0-2: Ball
1-2: Strikes out swinging
Top of the 4th over - 0 runs, 0 hits, 0 errors, 0 left on base; Toronto 1 - Philadelphia 0
BOTTOM OF THE 4TH
Philadelphia Phillies batting - Pitching for Toronto Blue Jays : LHP Halewijn Cleaver
Batting: RHB Armando Gracía 0-0: SINGLE (Groundball, 34D, EV 107.5 MPH)
Batting: RHB Bill McBryde 0-0: Grounds into double play, 4-6-3 (Groundball, 4M, EV 85.0 MPH)
Batting: RHB Ezra Schneider 0-0: Called Strike
0-1: Foul Ball, location: 2F
0-2: Ball
1-2: Ball
2-2: Strikes out looking
Bottom of the 4th over - 0 runs, 1 hit, 0 errors, 0 left on base; Toronto 1 - Philadelphia 0
TOP OF THE 5TH
Toronto Blue Jays batting - Pitching for Philadelphia Phillies : RHP Pedro Tobías
Batting: RHB José Ríos 0-0: Ball
1-0: Called Strike
1-1: Ball
2-1: Foul Ball, location: 9LSF
2-2: Ball
3-2: Foul Ball, location: 9LDF
3-2: Foul Ball, location: 25FF
3-2: SINGLE (Line Drive, 6MD, EV 110.0 MPH)
Batting: LHB Mike Whitney 0-0: Sac Bunt to 15 - play at first, batter OUT! 1-3
José Ríos to second
Batting: RHB Sam Hernández 0-0: Ball
1-0: Ball
2-0: Ball
3-0: Base on Balls
Batting: LHB Mike González 0-0: Ball
1-0: Called Strike
1-1: Fly out, F9 (Line Drive, 9, EV 96.3 MPH)
Batting: RHB Jesús González 0-0: Ground out 4-3 (Groundball, 4, EV 93.8 MPH)
Top of the 5th over - 0 runs, 1 hit, 0 errors, 2 left on base; Toronto 1 - Philadelphia 0
BOTTOM OF THE 5TH
Philadelphia Phillies batting - Pitching for Toronto Blue Jays : LHP Halewijn Cleaver
Batting: RHB Jesús Martínez 0-0: Called Strike
0-1: Called Strike
0-2: Ball
1-2: Strikes out swinging
Batting: RHB Anthony Mills 0-0: Foul Ball, location: 9LSF
0-1: Swinging Strike
0-2: Ball
1-2: Strikes out looking
Batting: RHB Kei Goto 0-0: Foul Ball, location: 5DF
0-1: Ball
1-1: Ball
2-1: SOLO HOME RUN (Flyball, 8LXD, EV 106.9 MPH), Distance : 425 ft
Batting: RHB Vincente López 0-0: Ball
1-0: Called Strike
1-1: Ball
2-1: Ball
3-1: Foul Ball, location: 23FF
3-2: Foul Ball, location: 2F
3-2: Foul Ball, location: 2F
3-2: Foul Ball, location: 2F
3-2: Base on Balls
Batting: RHB Joe Bayer 0-0: Ball
1-0: Ball
2-0: Swinging Strike
2-1: Ground out 6-3 (Groundball, 6S, EV 66.9 MPH)
Bottom of the 5th over - 1 run, 1 hit, 0 errors, 1 left on base; Toronto 1 - Philadelphia 1
TOP OF THE 6TH
Toronto Blue Jays batting - Pitching for Philadelphia Phillies : RHP Pedro Tobías
Batting: LHB John Alcorn 0-0: Called Strike
0-1: DOUBLE (Line Drive, 8LXD, EV 106.3 MPH)
Batting: LHB Mels Isabekian 0-0: Ball
1-0: Fly out, F9 (Flyball, 9S, EV 79.4 MPH)
Batting: LHB Stan Encell 0-0: Called Strike
0-1: Ball
1-1: Foul Ball, location: 2F
1-2: Ball
2-2: Foul Ball, location: 7LMF
2-2: 2-RUN HOME RUN (Flyball, 78XD, EV 105.0 MPH), Distance : 403 ft
Batting: LHB Roberto Snyder 0-0: Ball
1-0: Ball
2-0: SINGLE (Flyball, 7LS, EV 89.4 MPH)
Batting: RHB José Ríos 0-0: Foul Ball, location: 9LSF
0-1: Foul Ball, location: 9LSF
0-2: Ball
1-2: Ball
2-2: Foul Ball, location: 2F
2-2: Foul Ball, location: 3FF
2-2: 2-RUN HOME RUN (Line Drive, 89XD, EV 109.4 MPH), Distance : 426 ft
Pitching: RHP Quentin Frazier
Batting: LHB Mike Whitney 0-0: Ball
1-0: Ball
2-0: Ball
3-0: Called Strike
3-1: DOUBLE (Flyball, 8LXD, EV 102.5 MPH)
Batting: RHB Sam Hernández 0-0: TRIPLE (Line Drive, 9D, EV 106.3 MPH)
Mike Whitney scores
Batting: LHB Mike González 0-0: Ball
1-0: Ball
2-0: Called Strike
2-1: Fly out, F7 (Flyball, 7S, EV 83.8 MPH)
Runner from 3rd tags up, SCORES, throw by LF
Batting: RHB Jesús González 0-0: Ground out 3-1 (Groundball, 34, EV 96.9 MPH)
Top of the 6th over - 6 runs, 6 hits, 0 errors, 0 left on base; Toronto 7 - Philadelphia 1
BOTTOM OF THE 6TH
Philadelphia Phillies batting - Pitching for Toronto Blue Jays : LHP Halewijn Cleaver
Batting: RHB David Paige 0-0: Fly out, F5 (Popup, 56S, EV 81.3 MPH)
Batting: RHB Armando Gracía 0-0: Ball
1-0: Called Strike
1-1: Ball
2-1: Fly out, F8 (Flyball, 89XD, EV 106.9 MPH)
Batting: RHB Bill McBryde 0-0: Ball
1-0: Fly out, F8 (Flyball, 8LM, EV 84.4 MPH)
Bottom of the 6th over - 0 runs, 0 hits, 0 errors, 0 left on base; Toronto 7 - Philadelphia 1
TOP OF THE 7TH
Toronto Blue Jays batting - Pitching for Philadelphia Phillies : RHP Quentin Frazier
Batting: LHB John Alcorn 0-0: Foul Ball, location: 2F
0-1: DOUBLE (Line Drive, 9LM, EV 105.6 MPH)
Batting: LHB Mels Isabekian 0-0: Ball
1-0: Foul Ball, location: 25F
1-1: Ball
2-1: Swinging Strike
2-2: Ball
3-2: Base on Balls
Batting: LHB Stan Encell 0-0: Called Strike
0-1: Ball
1-1: Ball
2-1: Ball
3-1: Swinging Strike
3-2: Foul Ball, location: 3F
3-2: SINGLE (Line Drive, 8LS, EV 101.9 MPH)
John Alcorn to third
Mels Isabekian to second
Batting: LHB Roberto Snyder 0-0: Swinging Strike
0-1: Called Strike
0-2: Fly out, F8 (Flyball, 8LD, EV 111.3 MPH)
Runner from 3rd tags up, SCORES, throw by CF
Mels Isabekian to third
Batting: RHB José Ríos 0-0: Ball
1-0: Ball
2-0: Foul Ball, location: 25F
2-1: SINGLE (Groundball, 6S, EV 69.4 MPH) (infield hit)
Mels Isabekian scores
Stan Encell to second
Pinch Runner at 1st Luis Román:
Batting: LHB Mike Whitney 0-0: SINGLE (Groundball, 6D, EV 98.8 MPH)
Stan Encell to third
Luis Román to second
Batting: RHB Sam Hernández 0-0: Called Strike
0-1: Ball
1-1: Foul Ball, location: 25F
1-2: Foul Ball, location: 2F
1-2: Ball
2-2: Strikes out swinging
Batting: LHB Mike González 0-0: Called Strike
0-1: Foul Ball, location: 2F
0-2: Ball
1-2: Ground out 1-3 (Groundball, 34S, EV 73.8 MPH)
Top of the 7th over - 2 runs, 4 hits, 0 errors, 3 left on base; Toronto 9 - Philadelphia 1
BOTTOM OF THE 7TH
Philadelphia Phillies batting - Pitching for Toronto Blue Jays : LHP Halewijn Cleaver
Pitching: RHP John De leon
Now at C: Jing Shaw
Batting: RHB Ezra Schneider 0-0: Swinging Strike
0-1: Ball
1-1: Ball
2-1: Swinging Strike
2-2: Ball
3-2: Foul Ball, location: 25F
3-2: Ground out 5-3 (Groundball, 56S, EV 81.3 MPH)
Batting: LHB Iván Ruíz 0-0: Called Strike
0-1: Called Strike
0-2: Ball
1-2: Strikes out looking
Batting: RHB Anthony Mills 0-0: Foul Ball, location: 25FF
0-1: Called Strike
0-2: Ball
1-2: Fly out, F7 (Flyball, 7, EV 80.6 MPH)
Bottom of the 7th over - 0 runs, 0 hits, 0 errors, 0 left on base; Toronto 9 - Philadelphia 1
TOP OF THE 8TH
Toronto Blue Jays batting - Pitching for Philadelphia Phillies : RHP Quentin Frazier
Pitching: RHP Juan Hernández
Batting: RHB Jesús González 0-0: Called Strike
0-1: Ball
1-1: Ground out 4-3 (Groundball, 4, EV 78.8 MPH)
Batting: LHB John Alcorn 0-0: Fly out, F8 (Flyball, 8RXD, EV 106.9 MPH)
Batting: LHB Mels Isabekian 0-0: Ball
1-0: Swinging Strike
1-1: Foul Ball, location: 7LMF
1-2: Ball
2-2: Ground out U3 (Groundball, 3L, EV 80.6 MPH)
Top of the 8th over - 0 runs, 0 hits, 0 errors, 0 left on base; Toronto 9 - Philadelphia 1
BOTTOM OF THE 8TH
Philadelphia Phillies batting - Pitching for Toronto Blue Jays : RHP John De leon
Batting: RHB Kei Goto 0-0: Ball
1-0: Ball
2-0: Ground out 1-3 (Groundball, 13S, EV 70.0 MPH)
Pinch Hitting: LHB Alonso Castillo 0-0: Ball
1-0: Foul Ball, location: 2F
1-1: Ball
2-1: Foul Ball, location: 5SF
2-2: Fly out, F8 (Line Drive, 89M, EV 90.6 MPH)
Batting: RHB Joe Bayer 0-0: Ball
1-0: Called Strike
1-1: Foul Ball, location: 9LDF
1-2: Foul Ball, location: 3FF
1-2: Strikes out looking
Bottom of the 8th over - 0 runs, 0 hits, 0 errors, 0 left on base; Toronto 9 - Philadelphia 1
TOP OF THE 9TH
Toronto Blue Jays batting - Pitching for Philadelphia Phillies : RHP Juan Hernández
Now at SS: Atas Sekayi
Batting: LHB Stan Encell 0-0: SOLO HOME RUN (Flyball, 9D, EV 96.3 MPH), Distance : 369 ft
Batting: LHB Roberto Snyder 0-0: Ground out 5-3 (Groundball, 6S, EV 78.8 MPH)
Batting: RHB Jing Shaw 0-0: Ground out 5-3 (Groundball, 56, EV 84.4 MPH)
Batting: LHB Mike Whitney 0-0: Fly out, F6 (Popup, 4MD, EV 64.4 MPH)
Top of the 9th over - 1 run, 1 hit, 0 errors, 0 left on base; Toronto 10 - Philadelphia 1
BOTTOM OF THE 9TH
Philadelphia Phillies batting - Pitching for Toronto Blue Jays : RHP John De leon
Pitching: RHP Tsurayuki Shibata
Batting: RHB David Paige 0-0: Fly out, F7 (Flyball, 78M, EV 81.9 MPH)
Batting: RHB Armando Gracía 0-0: Called Strike
0-1: Swinging Strike
0-2: Ball
1-2: Ball
2-2: SINGLE (Line Drive, 4M, EV 103.1 MPH)
Batting: RHB Bill McBryde 0-0: Ball
1-0: Called Strike
1-1: Ball
2-1: Ball
3-1: Fly out, F3 (Popup, 3SF, EV 71.3 MPH)
Batting: RHB Ezra Schneider 0-0: Swinging Strike
0-1: Swinging Strike
0-2: Ball
1-2: Ball
2-2: SINGLE (Groundball, 6MD, EV 97.5 MPH)
Armando Gracía to second
Batting: LHB Iván Ruíz 0-0: Called Strike
0-1: Ball
1-1: Ball
2-1: Called Strike
2-2: Ground out 1-3 (Groundball, 13, EV 67.5 MPH)
Bottom of the 9th over - 0 runs, 2 hits, 0 errors, 2 left on base; Toronto 10 - Philadelphia 1
Wednesday, April 10th , 2024 - OOTP Baseball 24.10 Build 82